 Dungeon Crawl Stone Soup version 0.28-a0-969-g2dcde036d2 (webtiles) character file.

Game seed: 6032956487848482420

408 HessuHobo the Ogre Mage (level 6, 0/53 HPs)
             Began as an Ogre Fire Elementalist on Dec 1, 2021.
             Was an Initiate of Vehumet.
             Killed from afar by an orc wizard (5 damage)
             ... with a puff of flame
             ... on level 6 of the Dungeon.
             The game lasted 00:18:12 (6089 turns).

HessuHobo the Ogre Mage (Ogre Fire Elementalist)    Turns: 6089, Time: 00:18:13

Health: 0/53       AC:  6    Str: 13    XL:     6   Next: 88%
Magic:  4/13       EV:  9    Int: 18    God:    Vehumet [......]
Gold:   253        SH:  0    Dex:  9    Spells: 11/14 levels left

rFire   . . .      SeeInvis .   f - +0 short sword
rCold   . . .      Faith    .   (no shield)
rNeg    . . .      Spirit   .   a - +0 robe
rPois   .          Reflect  .   s - +1 hat
rElec   .          Harm     .   d - +1 cloak
rCorr   .          Rampage  .   (gloves unavailable)
Will    .....                   (boots unavailable)
Stlth   +.........              (no amulet)
HPRegen 0.17/turn               (no ring)
MPRegen 0.13/turn               (no ring)

@: no status effects
A: large, unfitting armour, tough skin 1
a: Renounce Religion


You were on level 6 of the Dungeon.
You worshipped Vehumet.
Vehumet was noncommittal.
You visited 1 branch of the dungeon, and saw 6 of its levels.

You collected 253 gold pieces.

Inventory:

Hand Weapons
 f - a +0 short sword (weapon)
Armour
 a - a +0 robe (worn)
 d - a +1 cloak (worn)
 s - a +1 hat (worn)
Magical Staves
 m - a staff of earth
Jewellery
 j - a ring of resist corrosion
Wands
 t - a wand of iceblast (5)
Scrolls
 b - a scroll of identify
 c - 2 scrolls of noise
 i - a scroll of vulnerability {unknown}
 k - 3 scrolls of teleportation {unknown}
 n - a scroll of summoning {unknown}
 o - a scroll of enchant armour {unknown}
 p - 3 scrolls of magic mapping
 q - a scroll of holy word {unknown}
 u - a scroll of immolation {unknown}
Potions
 e - 2 potions of haste {unknown}
 h - a potion of lignification {unknown}
 l - a potion of curing
 r - a potion of brilliance {unknown}
 v - 3 potions of flight
 w - a potion of heal wounds {unknown}


   Skills:
 - Level 1.7 Dodging
 - Level 1.4 Stealth
 + Level 4.9 Spellcasting
 + Level 3.5 Conjurations
 + Level 4.4 Fire Magic


You had 11 spell levels left.
You knew the following spells:

 Your Spells              Type           Power      Damage    Failure   Level
a - Foxfire               Conj/Fire      72%        2x1d7     2%          1
b - Scorch                Fire           40%        2d7       3%          2

Your spell library contained the following spells:

 Spells                   Type           Power      Damage    Failure   Level
 Magic Dart               Conj           68%        1d6       3%          1
 Conjure Flame            Conj/Fire      18%        6-21      8%          3
 Slow                     Hex            16%        N/A       14%         1
 Inner Flame              Hex/Fire       12%        N/A       16%         3
 Call Imp                 Summ           4%         N/A       21%         2
 Mephitic Cloud           Conj/Pois/Air  8%         N/A       24%         3
 Flame Wave               Conj/Fire      18%        2d5       26%         4
 Confusing Touch          Hex            4%         N/A       38%         3
 Yara's Violent Unravell  Hex/Tmut       2%         3d3       98%         5


Dungeon Overview and Level Annotations

Branches:
Dungeon (6/15)
 Temple: D:4-7

Altars:
Gozag
Uskayaw
Vehumet
Zin

Shops:
D:1 !([?   D:4 *   D:5 *

Annotations:
D:3 3 runed translucent doors, bgiannan's ghost, amateur PaFi


Innate Abilities, Weirdness & Mutations

You are too large for most types of armour.
You have tough skin. (AC +1)


Message History

A magic dart appears from out of thin air!
The magic dart hits you.
A puff of flame appears from out of thin air!
The puff of flame hits you.
You see here a +0 war axe.
A magic dart appears from out of thin air!
The magic dart hits you.
Something tries to affect you, but you resist.
Something tries to affect you, but you resist.
A magic dart appears from out of thin air!
The magic dart hits you.
A magic dart appears from out of thin air!
The magic dart hits you!
You see here a +0 robe.
Okay, then.
The orc wizard mumbles some strange words.
The orc wizard flickers and vanishes!
Casting: Scorch (safe; 3% risk of failure)
Confirm with . or Enter, or press ? or * to list all spells.
Flames lash the orc priest.
The orc priest is lightly wounded.
The orc priest's fire resistance burns away.
The orc priest mumbles some strange prayers to Beogh against you.
Beogh smites you!
* * * LOW HITPOINT WARNING * * *
Something hits you but does no damage.
Okay, then.
As you read the scroll of fog, it crumbles to dust.
The scroll dissolves into smoke.
You see here a +0 robe.
You hear some strange, mumbled words.
A puff of flame appears from out of thin air!
The puff of flame hits you.
* * * LOW HITPOINT WARNING * * *
You hear some strange, mumbled words.
Something tries to affect you, but you resist.
An ogre comes into view. It is wielding a +0 giant club.
A puff of flame appears from out of thin air!
The puff of flame hits you.
You die...

#.# .... #.# #o.
##############.# ...
#.......o.o....#####.###.#
#o##########....)........#
#.# #O#####.#.#... #.#
#.#.....#.# #####. #.#
#.#.#####.#.#h.... #.#
#@#.#####.#.#.#... #.#
#.#.........#..... #.#
#.#######.#....... #o# #.#
#.#.#..... #§# #{#
#.#....... ##o##########.#
#.#######. #§§§§§§§§o{.o.#
#...<..... ##§##########.#
#.######## ### ### ###


You could see an ogre (wandering) and an orc.

Vanquished Creatures
  2 scorpions
  An orc priest (D:6)
  Ijyb (D:4)
  2 iguanas
  Robin (D:3)
  6 adders
  2 adder skeletons (D:4)
  4 worms
  2 dart slugs
  6 orcs
  7 bats
  8 endoplasms
  4 giant cockroaches
  8 goblins
  8 hobgoblins
  8 jackals
  4 kobolds
  7 quokkas
  6 ball pythons
  5 frilled lizards
  2 rats
94 creatures vanquished.

Vanquished Creatures (others)
  189 foxfires
189 creatures vanquished.

Grand Total: 283 creatures vanquished

Notes
Turn   | Place    | Note
-------+----------+-------------------------------------------
     0 | D:1      | HessuHobo the Ogre Fire Elementalist began the quest for
                  | the Orb.
     0 | D:1      | Reached XP level 1. HP: 16/16 MP: 3/3
    50 | D:1      | Reached skill level 1 in Conjurations
    76 | D:1      | Found Wyotheki's Weapon Emporium.
   231 | D:1      | Reached XP level 2. HP: 24/24 MP: 3/5
   499 | D:1      | Found Erchel's Magic Scroll Shop.
   958 | D:1      | Found Xomn's Antique Armour Emporium.
  1355 | D:1      | Reached XP level 3. HP: 29/31 MP: 5/7
  1459 | D:1      | Found Oguag's Distillery.
  2364 | D:2      | Reached XP level 4. HP: 39/39 MP: 7/9
  2729 | D:2      | Found an opulent altar of Gozag.
  3010 | D:3      | Learned a level 2 spell: Scorch
  3190 | D:3      | Found a runed translucent gate.
  3190 | D:3      | Found a runed translucent gate.
  3190 | D:3      | Found a runed translucent gate.
  3413 | D:3      | Reached XP level 5. HP: 45/45 MP: 6/10
  3571 | D:3      | Found a glowing silver altar of Zin.
  3571 | D:3      | Noticed an angel
  3695 | D:3      | Noticed Robin
  3735 | D:3      | Killed Robin
  4010 | D:3      | Noticed bgiannan's ghost (amateur PaFi)
  4521 | D:4      | Found Lydac's Elemental Accessories.
  4833 | D:4      | Found a hide-covered altar of Uskayaw.
  4836 | D:4      | Reached XP level 6. HP: 53/53 MP: 10/12
  4836 | D:4      | Found a radiant altar of Vehumet.
  4847 | D:4      | Became a worshipper of Vehumet
  5015 | D:4      | Noticed Ijyb
  5042 | D:4      | Killed Ijyb
  5555 | D:5      | Entered Level 5 of the Dungeon
  5568 | D:5      | Found Yfoidon's Assorted Antiques.
  5615 | D:5      | Noticed a black bear
  5934 | D:6      | Noticed a black bear
  6089 | D:6      | Killed from afar by an orc wizard

Illustrated notes

Levels and vault maps discovered:
D:1:      lemuel_arrival_lava_pool, layout_loops_corners, serial_shops,
          nicolae_shop_advertising_works [nicolae_subvault_shop_adworks], shop,
          nicolae_diamond_shop, shop
D:2:      layout_basic, basic_altar, minmay_diced_spiral
D:3:      layout_loops_ring, zin_angel, gammafunk_ghost_icy, st_stairs_9,
          uniq_robin
D:4:      layout_rooms, chequers_temple_overflow_statue_of_worship,
          nicolae_elemental_shop, kennysheep_generic_room_5, uniq_ijyb
D:5:      minmay_spotlight, layout_rooms, minmay_temple_entry_mist,
          serial_shops, nicolae_shop_hallway_plus, nicolae_stop_n_shop_2, shop,
          uniq_pikel
D:6:      layout_basic, nicolae_overflow_hidden_temple,
          gammafunk_temple_overflow_elements, minmay_misc_feat_room,
          grunt_ministairs_13, wad_floor_pattern_untrapped, water_boxes_lemuel

Skill      XL: |  1  2  3  4  5  6 |
---------------+-------------------+-----
Conjurations   | 1 2 3 |  3.5
Fire Magic     | 3 4 |  4.4
Spellcasting   | 3 4 |  4.9
Dodging        | |  1.7
Stealth        | |  1.4

Action                   |  1- 3 |  4- 6 || total
-------------------------+-------+-------++-------
Melee: Unarmed           |    27 |       ||    27
       Short sword       |    37 |     9 ||    46
 Cast: Foxfire           |    48 |    69 ||   117
       Scorch            |       |    45 ||    45
  Use: Potion            |     1 |       ||     1
       Scroll            |       |     6 ||     6
 Stab: Sleeping          |     1 |       ||     1
Armor: Robe              |    59 |     9 ||    68
Dodge: Dodged            |    89 |    23 ||   112

Table legend: (Time is in decaauts)
 A = Elapsed time spent in this place.
 B = Non-inter-level travel time spent in this place.
 C = Inter-level travel time spent in this place.
 D = Time resting spent in this place.
 E = Time spent auto-exploring this place.
 F = Levels seen in this place.
 G = Mean time per level.
                   A        B        C        D        E       F      G
               +--------+--------+--------+--------+--------+-----+--------+
         Total |   6102 |   5896 |    206 |   2509 |   2018 |   6 | 1017.0 |
       Dungeon |   6102 |   5896 |    206 |   2509 |   2018 |   6 | 1017.0 |
               +--------+--------+--------+--------+--------+-----+--------+

Top non-repeatable levels by time:
     D:3: 1817 daAuts
     D:1: 1790 daAuts
     D:2: 1207 daAuts
     D:4: 960 daAuts
     D:6: 219 daAuts
     D:5: 108 daAuts
